 Dungeon Crawl Stone Soup version 0.28-a0-1117-g0bdd5ba030 (webtiles) character file.

Game seed: 10979107807100862780

7266 Armakuni the Thaumaturge (level 10, -13/50 HPs)
             Began as a Deep Elf Conjurer on Dec 11, 2021.
             Was a Priest of Vehumet.
             Shot with an arrow by a centaur warrior (18 damage)
             ... on level 9 of the Dungeon.
             The game lasted 00:20:10 (9366 turns).

Armakuni the Thaumaturge (Deep Elf Conjurer)        Turns: 9366, Time: 00:20:11

Health: -13/50     AC:  8    Str:  8    XL:     10   Next: 89%
Magic:  22/29      EV: 12    Int: 24    God:    Vehumet [***...]
Gold:   589        SH:  0    Dex: 13    Spells: 12/35 levels left

rFire   . . .      SeeInvis .   a - +3 quarterstaff (protect)
rCold   . . .      Faith    .   (shield currently unavailable)
rNeg    . . .      Spirit   .   q - +0 robe
rPois   +          Reflect  .   (no helmet)
rElec   .          Harm     .   t - +0 cloak
rCorr   .          Rampage  .   o - +0 pair of gloves
Will    +....                   (no boots)
Stlth   ++........              R - amulet of regeneration
HPRegen 0.96/turn               M - ring of poison resistance
MPRegen 0.21/turn               P - +4 ring of protection

@: no status effects
A: no striking features
a: Renounce Religion


You were on level 9 of the Dungeon.
You worshipped Vehumet.
Vehumet was most pleased with you.
You visited 2 branches of the dungeon, and saw 10 of its levels.

You collected 589 gold pieces.

Inventory:

Hand Weapons
 a - a +3 quarterstaff of protection (weapon)
 l - a +0 rapier
 r - a +0 long sword
Missiles
 e - 25 poisoned darts
Armour
 j - a +1 ring mail
 m - a +0 scale mail
 o - a +0 pair of gloves (worn)
 q - a +0 robe (worn)
 t - a +0 cloak (worn)
Jewellery
 A - a ring of resist corrosion
 H - an amulet of reflection
 I - a ring of see invisible
 M - a ring of poison resistance (left hand)
 P - a +4 ring of protection (right hand)
 R - an amulet of regeneration (around neck)
Wands
 x - a wand of mindburst (4)
Scrolls
 b - 4 scrolls of enchant armour
 g - 2 scrolls of silence
 h - 8 scrolls of teleportation
 n - a scroll of amnesia
 s - a scroll of fear
 z - a scroll of vulnerability
Potions
 c - 2 potions of mutation
 d - 3 potions of flight
 f - 5 potions of heal wounds {unknown}
 i - 5 potions of curing {unknown}
 k - a potion of ambrosia {unknown}
 p - a potion of cancellation {unknown}
 u - a potion of haste {unknown}
 v - 3 potions of attraction {unknown}
 w - a potion of might {unknown}


   Skills:
 - Level 2.4 Dodging
 - Level 2.4 Stealth
 + Level 13.1 Spellcasting
 + Level 11.8 Conjurations
 - Level 4.0 Hexes
 - Level 4.0 Translocations
 + Level 8.4 Earth Magic


You had 12 spell levels left.
You knew the following spells:

 Your Spells              Type           Power      Damage    Failure   Level
a - Stone Arrow           Conj/Erth      100%       3d13      1%          3
b - Blink                 Tloc           68%        N/A       1%          2
l - Lehudib's Crystal Sp  Conj/Erth      29%        10d8      67%         8
m - Iskenderun's Mystic   Conj/Tloc      52%        2d11      1%          4
p - Fulminant Prism       Conj/Hex       26%        3d14      1%          4
z - Searing Ray           Conj           100%       2d8       1%          2

Your spell library contained the following spells:

 Spells                   Type           Power      Damage    Failure   Level
 Scorch                   Fire           30%        2d7       1%          2
 Magic Dart               Conj           100%       1d8       1%          1
 Shock                    Conj/Air       100%       1d9       1%          1
 Dazzling Flash           Conj/Hex       100%       N/A       1%          3
 Gell's Gravitas          Tloc           34%        N/A       2%          3
 Lesser Beckoning         Tloc           34%        N/A       2%          3
 Teleport Other           Tloc           34%        N/A       2%          3
 Animate Armour           Summ/Erth      70%        N/A       7%          4
 Airstrike                Air            7%         N/A       11%         4
 Swiftness                Air            15%        N/A       12%         3
 Manifold Assault         Tloc           34%        N/A       21%         5
 Storm Form               Tmut/Air       7%         N/A       100%        7


Dungeon Overview and Level Annotations

Branches:
Dungeon (9/15)             Temple (1/1) D:5
   Lair: D:8-11         Orc: D:9-12

Altars:
Ashenzari
Cheibriados
Dithmenos
Elyvilon
Fedhas
Gozag
Hepliaklqana
Kikubaaqudgha
Makhleb
Nemelex Xobeh
Okawaru
Qazlal
Ru
Sif Muna
Trog
Uskayaw
Vehumet
Wu Jian
Xom
Yredelemnul
Zin
The Shining One
Beogh

Annotations:
D:4 3 runed translucent doors, NigelTetley's ghost, amateur TrFi; yoda5477's ghost, amateur DsFi


Message History

Adjust (i)tems, (s)pells, or (a)bilities?
y - an amulet of reflection Adjust to which letter? (? for menu, Esc to quit)
H - an amulet of reflection
Okay, then.
Unknown command.
You now have 589 gold pieces (gained 12).
Found a robe.
You open the door.
A centaur warrior comes into view.
There is an open door here.
Aiming: Mindburst
Press: ? - help, Shift-Dir - straight line, f - centaur warrior
Aim: a centaur warrior, quivering arrows (asleep, chance to affect: 48%)
The centaur warrior shouts!
The centaur warrior's mind is blasted!!
The centaur warrior wields a +0 shortbow.
The centaur warrior shoots an arrow.
The arrow hits you!
Casting: Iskenderun's Mystic Blast (safe; 1% risk of failure)
Confirm with . or Enter, or press ? or * to list all spells.
Aiming: Fulminant Prism (safe; 1% risk of failure)
Press: ? - help, Dir - move target You conjure a prism of explosive energy!
A fulminant prism comes into view.
You hear a loud crackle.
Casting: Fulminant Prism (safe; 1% risk of failure)
Confirm with . or Enter, or press ? or * to list all spells.
Aiming: Fulminant Prism (safe; 1% risk of failure)
Press: ? - help, Dir - move target You conjure a prism of explosive energy!
A fulminant prism comes into view.
The centaur warrior shoots an arrow.
The arrow hits you!!
You hear an explosion!
The blast of energy engulfs the centaur warrior!
The centaur warrior is heavily wounded.
Your fulminant prism crackles loudly.
The centaur warrior shoots an arrow.
The arrow hits you!!
* * * LOW HITPOINT WARNING * * *
The centaur warrior shoots an arrow.
The arrow hits you!!
You die...

......... #...# .........
#.#### +c..#
#..##+#####..... #...#
#..#...........###..c#######
...#.....<.....#.....*......
...#.###.......#............
#..'...........#............
#..#...........#####c#
...#.....####...@...*#
...#............##...#
...#............##...#
####.................#
#....########+##.......
#....# #..#..... #.#..+
#..#.....[# #.#..
#..#..##..# # #. #.. ..# ...


You could see a centaur warrior (ally target) and a friendly fulminant prism.

Vanquished Creatures
  A two-headed ogre (D:8)
  Pikel (D:7)
  A gargoyle (D:6)
  11 yaks (D:8)
  2 orc warriors
  2 black bears
  2 sky beasts
  4 ice beasts
  A hornet zombie (D:7)
  3 ogres
  A necrophage (D:7)
  3 centaurs
  Blork the orc (D:4)
  2 bullfrogs (D:7)
  A scorpion (D:4)
  A gnoll sergeant (D:9)
  A wyvern skeleton (D:7)
  A water moccasin zombie (D:5)
  15 killer bees (D:8)
  10 wights
  2 howler monkeys
  A bullfrog zombie (D:6)
  Crazy Yiuf (D:4)
  3 centaur zombies
  A hound (D:4)
  2 jellies (D:6)
  2 bullfrog skeletons
  6 orc priests
  4 orc wizards
  2 iguanas (D:4)
  2 killer bee zombies
  4 gnolls (D:9)
  11 adders
  A white imp (D:7)
  2 ufetubi
  A worm (D:3)
  A dart slug (D:5)
  24 orcs
  3 endoplasms
  A giant cockroach (D:3)
  2 goblins
  5 hobgoblins
  4 quokkas
  2 ball pythons
  4 bats (D:1)
  3 frilled lizards
  5 kobolds
  21 rats
184 creatures vanquished.

Vanquished Creatures (others)
  A human (D:8)
  29 fulminant prisms
  3 plants
  A withered plant (D:4)
34 creatures vanquished.

Grand Total: 218 creatures vanquished

Notes
Turn   | Place    | Note
-------+----------+-------------------------------------------
     0 | D:1      | Armakuni the Deep Elf Conjurer began the quest for the Orb.
     0 | D:1      | Reached XP level 1. HP: 10/10 MP: 6/6
   409 | D:1      | Reached XP level 2. HP: 15/15 MP: 5/8
   412 | D:1      | Learned a level 2 spell: Searing Ray
   896 | D:2      | Found a faded altar of an unknown god.
  1695 | D:3      | Reached skill level 4 in Spellcasting
  1695 | D:3      | Reached skill level 5 in Conjurations
  1695 | D:3      | Reached XP level 3. HP: 19/19 MP: 5/10
  1813 | D:3      | Reached XP level 4. HP: 17/24 MP: 3/12
  2502 | D:4      | Reached skill level 5 in Spellcasting
  2577 | D:4      | Learned a level 4 spell: Fulminant Prism
  2582 | D:4      | Learned a level 4 spell: Iskenderun's Mystic Blast
  2604 | D:4      | Reached XP level 5. HP: 28/28 MP: 10/14
  2606 | D:4      | Noticed Blork the orc
  2662 | D:4      | Killed Blork the orc
  2917 | D:4      | Reached skill level 6 in Spellcasting
  2917 | D:4      | Reached XP level 6. HP: 32/32 MP: 12/17
  3133 | D:4      | Found a runed translucent gate.
  3134 | D:4      | Found a runed translucent gate.
  3135 | D:4      | Found a runed translucent gate.
  3168 | D:4      | Noticed NigelTetley's ghost (amateur TrFi)
  3168 | D:4      | Noticed yoda5477's ghost (amateur DsFi)
  3168 | D:4      | You fall into a shaft and drop 3 floors!
  3268 | D:6      | Reached skill level 7 in Spellcasting
  3358 | D:5      | Entered Level 5 of the Dungeon
  3572 | D:5      | Found a snail-covered altar of Cheibriados.
  3596 | D:5      | Reached XP level 7. HP: 35/36 MP: 14/20
  3759 | D:4      | Learned a level 3 spell: Stone Arrow
  3866 | D:4      | Reached skill level 1 in Hexes
  4009 | D:4      | Found a runed translucent door.
  4010 | D:4      | Noticed Crazy Yiuf
  4017 | D:4      | Killed Crazy Yiuf
  4018 | D:4      | Reached skill level 1 in Translocations
  4018 | D:4      | Reached skill level 1 in Earth Magic
  4222 | D:4      | Found a basalt altar of Yredelemnul.
  4569 | D:4      | Noticed yoda5477's ghost (amateur DsFi)
  4784 | D:5      | Found a staircase to the Ecumenical Temple.
  4806 | Temple   | Entered the Ecumenical Temple
  4993 | Temple   | Became a worshipper of Vehumet
  5353 | D:5      | Reached XP level 8. HP: 32/41 MP: 5/21
  5851 | D:6      | Reached skill level 8 in Spellcasting
  5854 | D:6      | Learned a level 2 spell: Blink
  5863 | D:6      | Learned a level 8 spell: Lehudib's Crystal Spear
  6173 | D:6      | Noticed a gargoyle
  6191 | D:6      | Killed a gargoyle
  6192 | D:6      | Reached skill level 9 in Spellcasting
  6192 | D:6      | Reached XP level 9. HP: 31/45 MP: 0/24
  6651 | D:7      | Found an opulent altar of Gozag.
  6748 | D:7      | Reached skill level 10 in Spellcasting
  6815 | D:7      | Reached * piety under Vehumet
  6815 | D:7      | Offered knowledge of Sandblast by Vehumet.
  6997 | D:7      | Noticed Pikel
  7003 | D:7      | Killed Pikel
  7004 | D:7      | Reached skill level 10 in Conjurations
  7004 | D:7      | Reached skill level 5 in Earth Magic
  7333 | D:7      | Reached skill level 11 in Spellcasting
  7611 | D:7      | Found a broken altar of Ashenzari.
  7887 | D:8      | Noticed a two-headed ogre
  7894 | D:8      | Killed a two-headed ogre
  7895 | D:8      | Reached XP level 10. HP: 50/50 MP: 6/27
  8024 | D:8      | Reached skill level 12 in Spellcasting
  8111 | D:8      | Offered knowledge of Freeze by Vehumet.
  8111 | D:8      | Reached ** piety under Vehumet
  8480 | D:8      | Found an ancient bone altar of Kikubaaqudgha.
  9016 | D:9      | Offered knowledge of Scorch by Vehumet.
  9017 | D:9      | Reached skill level 13 in Spellcasting
  9305 | D:9      | Reached *** piety under Vehumet
  9359 | D:9      | Noticed a centaur warrior
  9366 | D:9      | Shot with an arrow by a centaur warrior

Illustrated notes

Levels and vault maps discovered:
D:1:      dpeg_arrival_simpleton_c, layout_loops_ring, serial_bayou,
          serial_bayou_pond_c, serial_bayou_pond_e, serial_bayou_pond_d,
          serial_bayou_shore_a
D:2:      layout_basic, hellmonk_ecumenical_altar_inner_sanctum
D:3:      layout_rooms, skrybe_limestone_x, chequers_serial_rivers_small_b,
          serial_bayou_pond_c, lemuel_another_geyser
D:4:      layout_gridville, mainiacjoe_overflow_alcove_1,
          gammafunk_ghost_cemetery, minmay_rat_hole, uniq_blork_the_orc,
          uniq_crazy_yiuf_cottage
D:5:      layout_basic, kennysheep_slug_shrine,
          minmay_temple_entry_stoned_glass, guppyfry_early_lair_pool
D:6:      layout_gridville
D:7:      layout_loops_ring, nicolae_ashenzari_skybound, lemuel_tele_altar,
          minmay_door_square, david_defended_altar_orc, uniq_pikel
D:8:      layout_basic, tgw_kikubaaqudgha
D:9:      layout_stronghold, serial_shops, nicolae_square_shop, uniq_erolcha
Temple:   bh_familiar_temple

Skill      XL: |  1  2  3  4  5  6  7  8  9 10 |
---------------+-------------------------------+-----
Spellcasting   | 4 5 6 7 9 11 13 | 13.1
Conjurations   | 5 6 7 8 10 11 | 11.8
Hexes          | 4 |  4.0
Translocations | 3 4 |  4.0
Earth Magic    | 3 4 6 8 |  8.4
Dodging        | |  2.4
Stealth        | |  2.4

Action                   |  1- 3 |  4- 6 |  7- 9 | 10-12 || total
-------------------------+-------+-------+-------+-------++-------
Melee: Quarterstaff      |       |       |    11 |    20 ||    31
 Cast: Magic Dart        |    17 |       |       |       ||    17
       Searing Ray       |    11 |    29 |     2 |     2 ||    44
       Iskenderun's Myst |       |     1 |    19 |     9 ||    29
       Stone Arrow       |       |       |    72 |    13 ||    85
       Fulminant Prism   |       |       |     8 |    22 ||    30
Evoke: Wand              |       |       |     7 |     1 ||     8
  Use: Scroll            |     3 |       |    10 |       ||    13
Armor: Robe              |       |     3 |    21 |    15 ||    39
Dodge: Dodged            |     8 |     8 |    27 |    13 ||    56

Table legend: (Time is in decaauts)
 A = Elapsed time spent in this place.
 B = Non-inter-level travel time spent in this place.
 C = Inter-level travel time spent in this place.
 D = Time resting spent in this place.
 E = Time spent auto-exploring this place.
 F = Levels seen in this place.
 G = Mean time per level.
                   A        B        C        D        E       F      G
               +--------+--------+--------+--------+--------+-----+--------+
         Total |   9396 |   9141 |    255 |   2135 |   5612 |  10 |  939.6 |
       Dungeon |   9195 |   8966 |    229 |   2135 |   5454 |   9 | 1021.7 |
        Temple |    201 |    175 |     26 |      0 |    158 |   1 |  201.0 |
               +--------+--------+--------+--------+--------+-----+--------+

Top non-repeatable levels by time:
     D:4: 1474 daAuts
     D:7: 1288 daAuts
     D:5: 1201 daAuts
     D:6: 1176 daAuts
     D:8: 1048 daAuts
     D:1: 887 daAuts
     D:3: 869 daAuts
     D:2: 813 daAuts
     D:9: 435 daAuts
  Temple: 201 daAuts
